 Dungeon Crawl Stone Soup version 0.17-a0-1115-g0372368 (webtiles) character file.

24 Hanyuu the Insei (level 3, 0/23 HPs)
             Began as an Octopode Transmuter on May 24, 2015.
             Slain by a jackal (3 damage)
             ... on level 1 of the Dungeon.
             The game lasted 00:01:17 (496 turns).

Hanyuu the Insei (Octopode Transmuter)               Turns: 496, Time: 00:01:17

Health: 0/23       AC:  1    Str:  9    XL:     3   Next: 2%
Magic:  6/6        EV: 12    Int: 16    God:
Gold:   35         SH:  0    Dex: 12    Spells: 1 memorised, 5 levels left

rFire  . . .     SeeInvis .       - Unarmed
rCold  . . .     Clarity  .     (no shield)
rNeg   . . .     SustAt   .     (helmet restricted)
rPois  .         Gourm    .     (no amulet)
rElec  .         Spirit   .     (no ring)
rCorr  .         Warding  .     (no ring)
rMut   .         Stasis   .     (no ring)
MR     .....                    (no ring)
Stlth  ++........               (no ring)
                                (no ring)
                                (no ring)
                                (no ring)

@: appendage (expiring), not resistant to hostile enchantments, unstealthy
A: almost no armour, amphibious, 8 rings, constrict 8, tentacle spike 3,
camouflage 1, gelatinous body 1
a: End Transformation


You were on level 1 of the Dungeon.
You were not hungry.
One of your tentacles had a temporary spike.
You visited 1 branch of the dungeon, and saw 1 of its levels.

You collected 35 gold pieces.

Inventory:

Missiles
 a - 12 arrows
Scrolls
 e - 2 scrolls of fear {unknown}
Potions
 d - a potion of curing {unknown}
 f - a potion of brilliance {unknown}
Books
 b - a book of Changes

   Spells                             Type                      Level
   a - Beastly Appendage              Transmutation                1
   b - Sticks to Snakes               Transmutation                2
   c - Spider Form                    Transmutation/Poison         3
   d - Ice Form                       Ice/Transmutation            4
   e - Blade Hands                    Transmutation                5
Comestibles
 c - a bread ration


   Skills:
 - Level 1.0 Fighting
 - Level 2.0 Dodging
 * Level 4.1 Unarmed Combat
 - Level 2.0 Spellcasting
 - Level 2.0 Transmutations


You had 5 spell levels left.
You knew the following spells:

 Your Spells              Type           Power        Failure   Level  Hunger
a - Beastly Appendage     Trmt           #.....       10%         1    #......


Dungeon Overview and Level Annotations

Branches:
Dungeon (1/15)

Altars:


Innate Abilities, Weirdness & Mutations

You cannot wear most types of armour.
You are amphibious.
You can wear up to eight rings at the same time.
You can use your tentacles to constrict eight enemies at once.
Your skin changes colour to match your surroundings (Stealth).
Your rubbery body absorbs attacks (AC +1).
One of your tentacles bears a large vicious spike.


Message History

You kill the jackal!
You tentacle-slap the jackal but do no damage.
You grab the jackal.
Your tentacle spike misses the jackal.
You constrict the jackal, but do no damage.
The jackal barely misses you.
You tentacle-slap the jackal.
The jackal is severely wounded.
You constrict the jackal. The jackal bites you.
* * * LOW HITPOINT WARNING * * *
The jackal bites you.
* * * LOW HITPOINT WARNING * * *
You tentacle-slap the jackal.
You kill the jackal!
You have reached level 3!
Your experience leads to an increase in your attributes!
Increase (S)trength, (I)ntelligence, or (D)exterity?
You feel clever.
You barely miss the jackal. Your grab misses the jackal.
The jackal closely misses you. The jackal bites you.
You die...

#.. #.# ...
####.## #.....
#.##.#########
#.#..#.......#
#.#h.#.#####.#
#@#h##.#.....#
#h#......#####
#......###
#...#### #
#....#
#.#....#
#.#..###
#....# ###.##


You could see a jackal.

Vanquished Creatures
  An ooze (D:1)
  2 giant geckos (D:1)
  2 goblins (D:1)
  4 jackals (D:1)
  A bat (D:1)
  5 kobolds (D:1)
  4 rats (D:1)
19 creatures vanquished.

Notes
Turn   | Place    | Note
--------------------------------------------------------------
     0 | D:1      | Hanyuu the Octopode Transmuter began the quest for the Orb.
     0 | D:1      | Reached XP level 1. HP: 13/13 MP: 3/3
   142 | D:1      | Reached XP level 2. HP: 13/18 MP: 5/5
   228 | D:1      | Reached skill level 4 in Unarmed Combat
   495 | D:1      | Reached XP level 3. HP: 3/23 MP: 6/6
   496 | D:1      | Slain by a jackal

Vault maps used:
D:1:      dpeg_arrival_oval, hangedman_abyss_or_decor_stabs, st_stairs_10,
          corexii_item_surrounded_by_moat, minmay_misc_feat_room

Action                   || total
-------------------------++-------
Melee: Unarmed           ||    43
 Cast: Beastly Appendage ||     1
 Stab: Sleeping          ||     2
